 Dungeon Crawl Stone Soup version 0.28-a0-381-g937acc2988 (webtiles) character file.

Game seed: 5812187995158376784

4638 thedisplayname the Slicer (level 10, -5/50 HPs)
             Began as a Kobold Enchanter on Sept 1, 2021.
             Was an Initiate of Dithmenos.
             Slain by a yak (6 damage)
             ... on level 8 of the Dungeon.
             The game lasted 00:23:44 (12303 turns).

thedisplayname the Slicer (Kobold Enchanter)       Turns: 12303, Time: 00:23:45

Health: -5/50      AC:  9    Str:  6    XL:     10   Next: 70%
Magic:  18/18      EV: 16    Int: 18    God:    Dithmenos [......]
Gold:   481        SH:  0    Dex: 17    Spells: 12/20 levels left

rFire   . . .      SeeInvis .   j - +4 dagger (distort)
rCold   . . .      Faith    .   (shield restricted)
rNeg    . . .      Spirit   .   k - +0 leather armour
rPois   .          Reflect  .   C - +0 hat
rElec   .          Harm     .   e - scarf {repulsion}
rCorr   .          Rampage  .   (no gloves)
Will    .....                   o - +1 pair of boots
Stlth   +++++.....              (no amulet)
HPRegen 0.16/turn               n - +4 ring of protection
MPRegen 0.16/turn               (no ring)

@: on berserk cooldown, slowed, repel missiles, very slow
A: small, no large weapons, nightstalker 3, wild magic 1
a: Renounce Religion


You were on level 8 of the Dungeon.
You worshipped Dithmenos.
Dithmenos was noncommittal.
You visited 2 branches of the dungeon, and saw 9 of its levels.
You also visited: Sewer.

You collected 481 gold pieces.

Inventory:

Hand Weapons
 a - a +1 dagger
 j - a +4 dagger of distortion (weapon)
 l - a +0 hunting sling of flaming
Missiles
 d - 34 poisoned darts
 q - 125 stones (quivered)
Armour
 b - a +1 robe
 e - a scarf of repulsion (worn)
 k - a +0 leather armour (worn)
 o - a +1 pair of boots (worn)
 C - a +0 hat (worn)
Jewellery
 n - a +4 ring of protection (left hand)
 x - a ring of positive energy
Wands
 g - a wand of iceblast (2)
 m - a wand of digging (6)
 r - a wand of paralysis (19)
Scrolls
 f - a scroll of magic mapping
 i - a scroll of amnesia
 p - a scroll of vulnerability {unknown}
 v - a scroll of fear {unknown}
 y - a scroll of immolation {unknown}
 z - a scroll of brand weapon
 B - a scroll of identify
 D - a scroll of enchant armour
Potions
 c - a potion of might
 h - a potion of attraction
 t - 2 potions of curing
 u - 2 potions of ambrosia {unknown}
 w - 2 potions of heal wounds
 A - a potion of flight


   Skills:
 + Level 10.7 Short Blades
 * Level 6.1 Dodging
 + Level 10.4 Stealth
 - Level 5.6 Spellcasting
 + Level 7.5 Hexes
 - Level 3.0 Ice Magic


You had 12 spell levels left.
You knew the following spells:

 Your Spells              Type           Power      Damage    Failure   Level
a - Ensorcelled Hibernat  Hex/Ice        62%        N/A       5%          2
b - Tukima's Dance        Hex            42%        N/A       4%          3
c - Confusing Touch       Hex            42%        N/A       4%          3

Your spell library contained the following spells:

 Spells                   Type           Power      Damage    Failure   Level
 Dazzling Flash           Conj/Hex       48%        N/A       17%         3
 Beastly Appendage        Tmut           12%        N/A       26%         1
 Passwall                 Tmut/Erth      5%         N/A       36%         2
 Wereblood                Tmut           6%         N/A       36%         2
 Ignite Poison            Fire/Tmut/Pois 6%         N/A       58%         3
 Mephitic Cloud           Conj/Pois/Air  6%         N/A       58%         3
 Spider Form              Tmut/Pois      3%         N/A       58%         3
 Swiftness                Air            6%         N/A       58%         3
 Invisibility             Hex            21%        N/A       85%         6
 Bolt of Magma            Conj/Fire/Erth 3%         4d5       99%         5


Dungeon Overview and Level Annotations

Branches:
Dungeon (8/15)             Temple (1/1) D:7           Sewer (visited)
   Lair: D:8-11

Altars:
Dithmenos
Nemelex Xobeh
Vehumet
Xom
The Shining One

Shops:
D:6 *


Innate Abilities, Weirdness & Mutations

You are small and have problems with some larger weapons.
You are completely attuned to the shadows.
Your spells are a little harder to cast, but a little more powerful.


Message History

The orc warrior hits you with a +0 scimitar.
You hit the yak but do no damage.
The yak is moderately wounded.
You hit the yak.
The yak is moderately wounded.
The yak gores you! The orc warrior misses you.
You are too injured to fight recklessly!
You are too injured to fight recklessly!
The yak barely misses you.
There is an open door here.
The orc warrior completely misses you.
You hit the orc warrior.
Space bends around the orc warrior.
The orc warrior is lightly wounded.
You barely miss the orc warrior.
The orc warrior is lightly wounded.
The orc warrior hits you with a +0 scimitar.
You hit the orc warrior.
Space bends around the orc warrior.
The orc warrior is moderately wounded.
You hit the orc warrior but do no damage.
The orc warrior is moderately wounded.
The orc warrior closely misses you.
You closely miss the orc warrior.
The orc warrior is moderately wounded.
You hit the orc warrior.
Space bends around the orc warrior.
The orc warrior is heavily wounded.
The orc warrior hits you with a +0 scimitar!
* * * LOW HITPOINT WARNING * * *
A red film seems to cover your vision as you go berserk!
You feel yourself moving faster!
You feel mighty! The yak gores you but does no damage.
The orc warrior hits you with a +0 scimitar!
* * * LOW HITPOINT WARNING * * *
You are too berserk!
You feel a strong urge to attack something.
Found 16 gold pieces.
You feel your anger nearly subside.
You are no longer berserk.
You are exhausted.
You feel yourself slow down. The yak gores you.
You die...

#......[[...#
#......)....#
#......[....#
#...........#
#...........#
###....##....#
..#######....##
..$.....))....#
....@..)).....#
.....Yo.......#
#.............#
#.............#
..............#
............#
....##....##
... #....#
....##....##


You could see a yak and an orc warrior.

Vanquished Creatures
  Pikel (D:4)
  Maggie (D:7)
  Sigmund (D:6)
  3 yaks
  Menkaure (D:5)
  Edmund (D:4)
  A necrophage (D:5)
  A sky beast (D:6)
  Purgy (Sewer)
  An ice beast (D:5)
  2 orc warriors
  An ogre (D:4)
  A centaur (D:7)
  A lemure (D:4)
  2 phantoms
  3 bullfrogs
  A water moccasin zombie (D:4)
  A scorpion (D:5)
  3 wights
  3 hounds
  A gnoll shaman (D:6)
  2 orc priests
  3 iguanas
  A jelly (D:5)
  A centaur skeleton (D:5)
  Jessica (D:2)
  Ijyb (D:4)
  2 orc wizards (D:8)
  A hound skeleton (D:5)
  3 adders
  2 gnolls (D:7)
  2 howler monkey skeletons
  3 white imps
  An adder skeleton (D:5)
  3 worms
  A dart slug (D:1)
  20 orcs
  4 ball pythons
  9 bats
  7 endoplasms
  6 giant cockroaches
  7 goblins
  5 hobgoblins
  4 jackals (D:2)
  8 kobolds
  7 quokkas
  6 frilled lizards
  2 rats (D:3)
143 creatures vanquished.

Notes
Turn   | Place    | Note
-------+----------+-------------------------------------------
     0 | D:1      | thedisplayname the Kobold Enchanter began the quest for the
                  | Orb.
     0 | D:1      | Reached XP level 1. HP: 10/10 MP: 3/3
   458 | D:1      | Reached XP level 2. HP: 15/15 MP: 5/5
   461 | D:1      | Learned a level 2 spell: Ensorcelled Hibernation
  1069 | D:1      | Reached skill level 1 in Ice Magic
  1231 | D:1      | Reached XP level 3. HP: 19/19 MP: 6/6
  4412 | D:2      | Found a faded altar of an unknown god.
  4483 | D:2      | Noticed Jessica
  4486 | D:2      | Killed Jessica
  4487 | D:2      | Reached XP level 4. HP: 24/24 MP: 7/7
  4746 | D:3      | Noticed a bullfrog
  4751 | D:3      | Killed a bullfrog
  4752 | D:3      | Reached skill level 5 in Stealth
  4752 | D:3      | Reached XP level 5. HP: 28/28 MP: 3/8
  5595 | D:4      | Noticed a lemure
  5831 | D:4      | Noticed an ogre
  5834 | D:4      | Killed an ogre
  5835 | D:4      | Reached XP level 6. HP: 32/32 MP: 9/9
  5841 | D:4      | Noticed Ijyb
  5844 | D:4      | Killed Ijyb
  5882 | D:4      | Noticed a sky beast
  5898 | D:4      | Banished a sky beast
  5899 | D:4      | Reached XP level 7. HP: 29/36 MP: 9/11
  6047 | D:4      | Noticed Pikel
  6061 | D:4      | Killed Pikel
  6062 | D:4      | Reached skill level 5 in Short Blades
  6062 | D:4      | Reached skill level 5 in Hexes
  6062 | D:4      | Reached XP level 8. HP: 32/41 MP: 7/13
  6134 | D:4      | Learned a level 3 spell: Tukima's Dance
  6138 | D:4      | Learned a level 3 spell: Confusing Touch
  6426 | D:4      | Noticed Edmund
  6437 | D:4      | Killed Edmund
  6914 | D:4      | Gained mutation: Your spells are a little harder to cast,
                  | but a little more powerful. [potion of mutation]
  7790 | D:5      | Entered Level 5 of the Dungeon
  8576 | D:5      | Reached XP level 9. HP: 45/45 MP: 15/15
  9038 | D:5      | Noticed Menkaure
  9042 | D:5      | Killed Menkaure
  9084 | D:5      | You fall into a shaft and drop 1 floor!
  9221 | D:6      | Found Joat's Overcharged Wands.
  9230 | D:6      | Reached skill level 5 in Spellcasting
  9320 | D:6      | Noticed Sigmund
  9324 | D:6      | Killed Sigmund
  9436 | D:6      | Found a glowing drain.
  9442 | Sewer    | Entered a sewer
  9511 | Sewer    | Noticed Purgy
  9515 | Sewer    | Killed Purgy
 10112 | D:7      | Found a staircase to the Ecumenical Temple.
 10204 | Temple   | Entered the Ecumenical Temple
 10217 | Temple   | Became a worshipper of Dithmenos the Shadowed
 10724 | D:7      | Reached XP level 10. HP: 38/50 MP: 18/18
 10986 | D:7      | Reached skill level 10 in Short Blades
 11023 | D:7      | Noticed Maggie
 11027 | D:7      | Killed Maggie
 11101 | D:7      | Found a sparkling altar of Nemelex Xobeh.
 11585 | D:7      | Reached skill level 10 in Stealth
 11597 | D:7      | Reached skill level 5 in Dodging
 12298 | D:8      | HP: 1/75 [orc warrior (9)]
 12303 | D:8      | Slain by a yak

Illustrated notes

Levels and vault maps discovered:
D:1:      dpeg_arrival_chambers_temple_mockup, layout_loops_ring,
          minmay_misc_feat_room
D:2:      layout_basic, dreamdust_ecumenical_altar_statues, uniq_jessica
D:3:      layout_basic, minivault_27
D:4:      layout_basic, uniq_pikel, uniq_edmund, uniq_ijyb
D:5:      layout_rooms, hangedman_decor_points, uniq_menkaure
D:6:      layout_rooms, portal_sewer_entry_f, glass_columns_a,
          minmay_misc_feat_x, nicolae_shop_overcharged_wands, uniq_sigmund
D:7:      layout_rooms, mainiacjoe_overflow_small_starburst,
          minmay_temple_entry_stoned_glass, enter_bailey_3, minivault_11,
          uniq_maggie
D:8:      layout_gridville, lightli_ossuary_entry_decrepit_ruins
Temple:   compressed_dpeg_circular_temple

Skill      XL: |  1  2  3  4  5  6  7  8  9 10 |
---------------+-------------------------------+-----
Ice Magic      | 1 2 3 |  3.0
Stealth        | 5 6 7 8 9 10 | 10.4
Hexes          | 4 5 6 7 |  7.5
Short Blades   | 3 5 7 9 10 | 10.7
Spellcasting   | 3 4 5 |  5.6
Dodging        | 6 |  6.1

Action                   |  1- 3 |  4- 6 |  7- 9 | 10-12 || total
-------------------------+-------+-------+-------+-------++-------
Melee: Dagger            |   151 |    57 |   185 |    88 ||   481
 Cast: Ensorcelled Hiber |     5 |     2 |     5 |     4 ||    16
       Tukima's Dance    |       |       |     1 |       ||     1
Evoke: Wand              |       |       |     1 |       ||     1
  Use: Potion            |     3 |       |     8 |     1 ||    12
       Scroll            |     3 |       |     8 |       ||    11
 Stab: Sleeping          |    19 |    12 |    28 |     8 ||    67
       Invisible         |     2 |       |       |       ||     2
Armor: Robe              |    24 |     2 |       |       ||    26
       Leather armour    |       |    12 |    41 |    20 ||    73
Dodge: Dodged            |   128 |    18 |    89 |    41 ||   276

Table legend: (Time is in decaauts)
 A = Elapsed time spent in this place.
 B = Non-inter-level travel time spent in this place.
 C = Inter-level travel time spent in this place.
 D = Time resting spent in this place.
 E = Time spent auto-exploring this place.
 F = Levels seen in this place.
 G = Mean time per level.
                   A        B        C        D        E       F      G
               +--------+--------+--------+--------+--------+-----+--------+
         Total |  12167 |  11855 |    312 |   5160 |   5004 |  10 | 1216.7 |
       Dungeon |  12022 |  11710 |    312 |   5160 |   4950 |   8 | 1502.8 |
        Temple |     30 |     30 |      0 |      0 |      5 |   1 |   30.0 |
         Sewer |    115 |    115 |      0 |      0 |     49 |   1 |  115.0 |
               +--------+--------+--------+--------+--------+-----+--------+

Top non-repeatable levels by time:
     D:1: 2415 daAuts
     D:4: 2227 daAuts
     D:2: 2130 daAuts
     D:7: 1566 daAuts
     D:5: 1270 daAuts
     D:6: 1248 daAuts
     D:3: 992 daAuts
     D:8: 170 daAuts
   Sewer: 115 daAuts
  Temple: 30 daAuts
